 Dungeon Crawl Stone Soup version 0.29.1-4-g47bece8355 (webtiles) character file.

Game seed: 12366303856512718505

157 GigaChad the Trooper (level 5, -7/47 HPs)
             Began as a Minotaur Fighter on Dec 1, 2022.
             Was an Initiate of Gozag.
             Mangled by Edmund
             ... wielding a +0 flail of protection
              (10 damage)
             ... on level 4 of the Dungeon.
             The game lasted 00:06:13 (2321 turns).

GigaChad the Trooper (Minotaur Fighter)             Turns: 2321, Time: 00:06:14

Health: -7/47      AC:  7    Str: 29    XL:     5   Next: 15%
Magic:  4/4        EV: 10    Int:  5    God:    Gozag
Gold:   215        SH:  5    Dex: 15    Spells: 4/4 levels left

rFire   . . .      SeeInvis .   a - +0 war axe
rCold   . . .      Faith    .   c - +0 buckler
rNeg    . . .      Spirit   .   b - +0 scale mail
rPois   .          Reflect  .   (helmet restricted)
rElec   .          Harm     .   (no cloak)
rCorr   .          Rampage  .   (no gloves)
Will    .....                   (no boots)
Stlth   ..........              (no amulet)
HPRegen 0.15/turn               m - +6 ring of strength
MPRegen 0.09/turn               o - +6 ring of dexterity

@: gold aura
A: horns 2, retaliatory headbutt
a: Renounce Religion, Potion Petition, Call Merchant, Bribe Branch


You were on level 4 of the Dungeon.
You worshipped Gozag.
Gozag was aware of your devotion.
You visited 1 branch of the dungeon, and saw 4 of its levels.

You collected 287 gold pieces.
You paid 72 gold pieces to Gozag.

Inventory:

Hand Weapons
 a - a +0 war axe (weapon)
Armour
 b - a +0 scale mail (worn)
 c - a +0 buckler (worn)
 l - a +0 chain mail
Jewellery
 m - a +6 ring of strength (left hand)
 o - a +6 ring of dexterity (right hand)
 t - an amulet of faith
Wands
 x - a wand of digging (6)
Scrolls
 f - a scroll of torment {unknown}
 i - a scroll of brand weapon {unknown}
 j - a scroll of acquirement {unknown}
 n - 2 scrolls of poison
 p - a scroll of teleportation {unknown}
 q - a scroll of butterflies
 r - a scroll of vulnerability {unknown}
 s - a scroll of noise {unknown}
 u - a scroll of fear {unknown}
 v - a scroll of identify
Potions
 d - a potion of might
 e - a potion of brilliance {unknown}
 g - a potion of magic {unknown}
 h - 2 potions of lignification {unknown}
 k - a potion of heal wounds {unknown}
 w - a potion of mutation {unknown}


   Skills:
 + Level 4.7 Fighting
 + Level 4.4 Axes
 + Level 4.6 Armour
 + Level 0.4 Dodging
 + Level 0.1 Stealth
 + Level 4.1 Shields


You had 4 spell levels left.
You didn't know any spells.
Your spell library contained the following spells:

 Spells                   Type           Power      Damage    Failure   Level
 Apportation              Tloc           0%         N/A       82%         1
 Necrotise                Necr           0%         1d4       82%         1
 Summon Small Mammal      Summ           0%         N/A       82%         1
 Ensorcelled Hibernation  Hex/Ice        0%         N/A       91%         2
 Passwall                 Tmut/Erth      0%         N/A       91%         2
 Swiftness                Air            0%         N/A       99%         3


Dungeon Overview and Level Annotations

Branches:
Dungeon (4/15)
 Temple: D:4-7

Altars:
Dithmenos
Gozag

Shops:
D:3 [

Annotations:
D:4 Edmund, Eustachio


Innate Abilities, Weirdness & Mutations

You have a pair of horns on your head.
You reflexively headbutt those who attack you in melee.


Message History

Eustachio barely misses you.
Eustachio mumbles some strange words.
You barely miss Eustachio. Your headbutt misses Eustachio.
Eustachio is almost dead.
You hit the bat.
The quasit disappears in a puff of smoke!
The bat closely misses you. The bat hits you but does no damage.
Eustachio barely misses you.
You closely miss Eustachio.
Eustachio is almost dead.
You miss the bat.
Edmund is no longer distracted by gold.
The bat barely misses you. You furiously retaliate!
You headbutt the bat!
You kill the bat!
The bat's corpse disappears in a puff of smoke!
Eustachio gestures wildly while chanting.
Eustachio blinks!
You slash the quokka!
You kill the quokka!
The quokka's corpse disappears in a puff of smoke!
A ball python comes into view.
You barely miss the kobold.
The ball python hisses angrily.
Eustachio gestures wildly while chanting.
The kobold hits you with a +0 short sword.
* * * LOW HITPOINT WARNING * * *
You closely miss the kobold. You hit Edmund. The kobold misses you.
You furiously retaliate!
You headbutt the kobold.
You kill the kobold!
Edmund hits you with a +0 flail of protection.
* * * LOW HITPOINT WARNING * * *
The ball python is distracted by your dazzling golden aura.
The iron imp picks up a beetle and eats it.
The ball python hisses angrily.
You hit Eustachio but do no damage.
Eustachio is almost dead.
You hit Edmund but do no damage.
The ball python is no longer distracted by gold.
Edmund hits you with a +0 flail of protection!
You die...
Your body crumbles into a pile of gold.

##..# . #...#J #...#.
##.... $ ##### #...S#
#...# #. #....# . #...#
#...#...@####.... #...#
......5.@@$...... #...#
#######5###########...####
#..............'......<
#+##############...####
#####


You could see Edmund, Eustachio, an iron imp (summoned), a white imp (summoned)
and a ball python.

Vanquished Creatures
  An orc wizard (D:3)
  4 adders
  4 dart slugs
  3 orcs (D:3)
  7 ball pythons
  6 bats
  5 endoplasms
  4 giant cockroaches
  5 goblins
  9 hobgoblins
  8 jackals
  5 kobolds
  6 quokkas
  6 frilled lizards
  2 rats (D:1)
75 creatures vanquished.

Notes
Turn   | Place    | Note
-------+----------+-------------------------------------------
     0 | D:1      | GigaChad the Minotaur Fighter began the quest for the Orb.
     0 | D:1      | Reached XP level 1. HP: 19/19 MP: 0/0
    26 | D:1      | Reached XP level 2. HP: 19/27 MP: 1/1
   513 | D:1      | Found a faded altar of an unknown god.
   548 | D:1      | Reached XP level 3. HP: 32/33 MP: 2/2
  1385 | D:2      | Reached XP level 4. HP: 40/40 MP: 3/3
  1614 | D:3      | Found a shadowy altar of Dithmenos.
  1930 | D:3      | Found Poapettu's Antique Armour Boutique.
  1957 | D:3      | Reached XP level 5. HP: 38/47 MP: 4/4
  2020 | D:3      | Found an opulent altar of Gozag.
  2040 | D:3      | Became a worshipper of Gozag Ym Sagoz the Greedy
  2082 | D:3      | Found a faded altar of an unknown god.
  2300 | D:4      | Noticed Eustachio
  2311 | D:4      | Noticed Edmund
  2321 | D:4      | Mangled by Edmund

Illustrated notes

Levels and vault maps discovered:
D:1:      lightli_molten_gateway, layout_rooms,
          hellmonk_ecumenical_altar_leap_of_faith
D:2:      layout_rooms, minmay_diced_spiral
D:3:      layout_rooms, nicolae_gozag_seed_capital,
          nicolae_overflow_ecumenical_swirl, mainiacjoe_overflow_paths,
          serial_shops, nicolae_shop_behind_doors,
          hangedman_abyss_or_decor_stabs, st_stairs_4, minmay_cut_off
D:4:      minmay_recursive_quarters, layout_basic, lemuel_doored_altar,
          minmay_temple_entry_crystal_x, glass_columns_c, kennysheep_potato,
          uniq_blork_the_orc, uniq_ijyb, uniq_eustachio, uniq_edmund

Skill      XL: |  1  2  3  4 |
---------------+-------------+-----
Fighting       | 4 |  4.7
Armour         | 4 |  4.6
Axes           | 3 4 |  4.4
Shields        | 4 |  4.1
Dodging        | |  0.4
Stealth        | |  0.1

Action                   |  1- 3 |  4- 6 || total
-------------------------+-------+-------++-------
Melee: War axe           |    76 |    55 ||   131
       Headbutt          |    10 |     9 ||    19
  Use: Scroll            |       |     2 ||     2
Armor: Scale mail        |    52 |    27 ||    79
Dodge: Dodged            |    38 |    46 ||    84
Block: Buckler           |    20 |    15 ||    35
